 Dungeon Crawl Stone Soup version 0.29-a0-25-g7f48f510a0 (webtiles) character file.

Game seed: 14303128477156924875

29 lunkers the Insei (level 3, 0/26 HPs)
             Began as a Merfolk Transmuter on Jan 31, 2022.
             Slain by a hobgoblin (5 damage)
             ... on level 2 of the Dungeon.
             The game lasted 00:00:59 (1216 turns).

lunkers the Insei (Merfolk Transmuter)              Turns: 1216, Time: 00:01:00

Health: 0/26       AC:  2    Str: 10    XL:     3   Next: 16%
Magic:  6/6        EV: 12    Int: 14    God:
Gold:   24         SH:  0    Dex: 14    Spells: 5/6 levels left

rFire   . . .      SeeInvis .     - Unarmed
rCold   . . .      Faith    .   (no shield)
rNeg    . . .      Spirit   .   a - +0 robe
rPois   .          Reflect  .   (no helmet)
rElec   .          Harm     .   (no cloak)
rCorr   .          Rampage  .   (no gloves)
Will    .....      Clarity  +   (no boots)
Stlth   +.........              (no amulet)
HPRegen 0.08/turn               (no ring)
MPRegen 0.10/turn               (no ring)

@: confused, lethally poisoned (0 -> -3), ambrosia-drunk
A: (nimble swimmer 2), mertail, clarity
a: no special abilities


You were on level 2 of the Dungeon.
You visited 1 branch of the dungeon, and saw 2 of its levels.

You collected 24 gold pieces.

Inventory:

Armour
 a - a +0 robe (worn)
Scrolls
 b - a scroll of vulnerability {unknown}
 d - a scroll of fog {unknown}
 f - a scroll of blinking {unknown}
 g - a scroll of identify {unknown}
Potions
 c - a potion of mutation


   Skills:
 - Level 1.1 Fighting
 - Level 2.6 Dodging
 * Level 4.2 Unarmed Combat
 - Level 2.0 Spellcasting
 + Level 3.4 Transmutations


You had 5 spell levels left.
You knew the following spells:

 Your Spells              Type           Power      Damage    Failure   Level
p - Beastly Appendage     Tmut           22%        N/A       6%          1

Your spell library contained the following spells:

 Spells                   Type           Power      Damage    Failure   Level
 Wereblood                Tmut           11%        N/A       9%          2
 Spider Form              Tmut/Pois      6%         N/A       34%         3
 Ice Form                 Ice/Tmut       6%         N/A       75%         4


Dungeon Overview and Level Annotations

Branches:
Dungeon (2/15)

Altars:
Gozag

Shops:
D:1 (


Innate Abilities, Weirdness & Mutations

((You are very nimble when in or above water. (Stealth+, EV+, Speed+++)))
Your lower body shifts to a powerful aquatic tail in water.
You possess an exceptional clarity of mind.


Message History

You are poisoned.
The adder poisons you!
You barely miss the adder.
The adder is almost dead.
You feel sick. The adder bites you.
* * * LOW HITPOINT WARNING * * *
You are lethally poisoned!
The adder poisons you!
Unknown command.
Unknown command.
You punch the adder!
You kill the adder!
* * * LOW HITPOINT WARNING * * *
You feel sick.
You have reached level 3!
Your experience leads to an increase in your attributes!
Increase (S)trength, (I)ntelligence, or (D)exterity?
You feel clever. x2
Okay, then.
It was a potion of mutation.
You feel extremely strange.
Your thoughts seem clearer.
* * * LOW HITPOINT WARNING * * *
You feel sick. The hobgoblin hits you.
* * * LOW HITPOINT WARNING * * *
The frilled lizard hisses.
It was a potion of ambrosia.
You are confused.
You feel invigorated.
* * * LOW HITPOINT WARNING * * *
You feel sick. The hobgoblin hits you.
* * * LOW HITPOINT WARNING * * *
You hit the hobgoblin.
The hobgoblin is severely wounded.
* * * LOW HITPOINT WARNING * * *
You feel sick.
The hobgoblin hits you but does no damage.
You bump into the rock wall.
Your horns disappear.
You feel sick. The hobgoblin hits you.
You die...

####### ......# ......#
##################......#
................@gl.....>
#.#####.......####K.....#
#.## #.......# ......#
#..# #.......# .l....#
##.# #.......# ......#
#.## ##.###### .K....#
#..# #.# ......# ##.##
#.# ......# #..# #.#


You could see a hobgoblin, a kobold and a frilled lizard.

Vanquished Creatures
  2 adders (D:2)
  A dart slug (D:2)
  A giant cockroach (D:2)
  A ball python (D:2)
  A goblin (D:2)
  5 kobolds (D:1)
11 creatures vanquished.

Notes
Turn   | Place    | Note
-------+----------+-------------------------------------------
     0 | D:1      | lunkers the Merfolk Transmuter began the quest for the Orb.
     0 | D:1      | Reached XP level 1. HP: 15/15 MP: 3/3
     3 | D:1      | Noticed an electric eel
     4 | D:1      | Noticed an electric eel
   257 | D:1      | Found Niotaf's Weapon Shop.
   843 | D:2      | Found an opulent altar of Gozag.
   851 | D:2      | Reached XP level 2. HP: 18/21 MP: 3/5
   922 | D:2      | Reached skill level 4 in Unarmed Combat
  1213 | D:2      | Reached XP level 3. HP: 5/26 MP: 6/6
  1213 | D:2      | Gained mutation: You possess an exceptional clarity of
                  | mind. [potion of mutation]
  1214 | D:2      | HP: 1/26 [hobgoblin (3)]
  1216 | D:2      | Slain by a hobgoblin

Illustrated notes

Levels and vault maps discovered:
D:1:      arrival_aquarium_b, layout_basic, serial_shops,
          nicolae_shop_bloodbath_and_beyond, minmay_misc_feat_room, st_stairs_14
D:2:      layout_basic, basic_altar, minmay_misc_feat_roman

Skill      XL: |  1  2 |
---------------+-------+-----
Transmutations | 3 |  3.4
Unarmed Combat | 4 |  4.2
Fighting       | |  1.1
Dodging        | |  2.6
Spellcasting   | |  2.0

Action                   || total
-------------------------++-------
Melee: Unarmed           ||    43
       Headbutt          ||     3
       Punch             ||     1
 Cast: Beastly Appendage ||    10
  Use: Potion            ||     2
Armor: Robe              ||     8
Dodge: Dodged            ||    17

Table legend: (Time is in decaauts)
 A = Elapsed time spent in this place.
 B = Non-inter-level travel time spent in this place.
 C = Inter-level travel time spent in this place.
 D = Time resting spent in this place.
 E = Time spent auto-exploring this place.
 F = Levels seen in this place.
 G = Mean time per level.
                   A        B        C        D        E       F      G
               +--------+--------+--------+--------+--------+-----+--------+
         Total |   1212 |   1171 |     41 |      0 |   1061 |   2 |  606.0 |
       Dungeon |   1212 |   1171 |     41 |      0 |   1061 |   2 |  606.0 |
               +--------+--------+--------+--------+--------+-----+--------+

Top non-repeatable levels by time:
     D:1: 710 daAuts
     D:2: 502 daAuts
